 Dungeon Crawl Stone Soup version 0.31-a0-662-g684573625c (console) character file.

Game seed: 11882773167897531778

7192 petzl the Thaumaturge (level 11, -13/78 HPs)
             Began as a Formicid Delver on Aug 31, 2023.
             Was a Believer of Vehumet.
             Killed by the raging water
             ... invoked by a water nymph
              (25 damage)
             ... on level 12 of the Dungeon on Sept 1, 2023.
             The game lasted 01:05:34 (12294 turns).

petzl the Thaumaturge (Formicid Delver)            Turns: 12294, Time: 01:05:39

Health: -13/78     AC:  8    Str: 16    XL:     11   Next: 32%
Magic:  24/24      EV: 14    Int: 21    God:    Vehumet [**....]
Gold:   575        SH:  5    Dex: 17    Spells: 27/28 levels left

rFire   . . .        a - +5 quarterstaff (chaos)
rCold   . . .        (no shield)
rNeg    . . .        t - +0 robe of Ujoduahu {-Tele rPois Dex+2 Stlth+}
rPois   +            (helmet unavailable)
rElec   .            r - +1 cloak
rCorr   .            e - +2 pair of gloves
SInv    +            (no boots)
Will    +....        y - amulet of reflection
Stlth   +++          x - +6 ring of intelligence
HPRegen 0.33/turn    (no ring)
MPRegen 0.19/turn

%: reflection
@: very slow
A: permanent stasis, dig shafts and tunnels, antennae 3, four strong arms
a: Dig, Shaft Self, Renounce Religion


You were on level 12 of the Dungeon.
You worshipped Vehumet.
Vehumet was pleased with you.
You visited 2 branches of the dungeon, and saw 16 of its levels.

You collected 575 gold pieces.

Inventory:

Hand Weapons
 a - a +5 quarterstaff of chaos (weapon)
 b - a +0 orcbow
 i - a +2 short sword of freezing
 k - a +0 sling
 F - a +0 scimitar of flaming
Missiles
 d - 5 javelins
 C - 6 poisoned darts (quivered)
 G - 5 boomerangs
Armour
 e - a +2 pair of gloves (worn)
 r - a +1 cloak (worn)
 t - the +0 robe of Ujoduahu (worn) {-Tele rPois Dex+2 Stlth+}
   (You found it on level 2 of the Dungeon)

   Dex+2:     It affects your dexterity (+2).
   rPois:     It protects you from poison -Tele: It prevents most forms of
   teleportation.
   Stlth+:    It makes you more stealthy.
 D - the +9 plate armour of Hospitality {rPois rC- Int+2}
   (You found it on level 4 of the Dungeon)

   Int+2:     It affects your intelligence (+2).
   rC-:       It makes you vulnerable to cold.
   rPois:     It protects you from poison
Jewellery
 x - a +6 ring of intelligence (left hand)
 y - an amulet of reflection (around neck)
 E - an amulet of the acrobat
Wands
 f - a wand of digging (6)
 v - a wand of roots (4)
Scrolls
 c - 2 scrolls of fog
 j - a scroll of summoning
 m - a scroll of enchant armour
 s - a scroll of immolation
 w - a scroll of silence
 B - a scroll of enchant weapon
Potions
 h - 2 potions of enlightenment
 l - a potion of ambrosia {unknown}
 n - a potion of degeneration {unknown}
 o - 2 potions of brilliance {unknown}
 p - a potion of curing
 q - 2 potions of haste {unknown}
 u - a potion of attraction {unknown}
 z - a potion of heal wounds
 A - a potion of might {unknown}


   Skills:
 - Level 4.5 Fighting
 - Level 2.1(2.7) Maces & Flails
 - Level 2.5(3.0) Staves
 - Level 4.0 Ranged Weapons
 + Level 6.0 Armour
 - Level 4.0 Dodging
 - Level 8.0 Stealth
 - Level 9.3 Spellcasting
 * Level 6.1 Conjurations
 * Level 5.8 Air Magic


You had 27 spell levels left.
You knew the following spells:

 Your Spells              Type           Power      Damage    Failure   Level
a - Shock                 Conj/Air       100%       1d9       1%          1

Your spell library contained the following spells:

 Spells                   Type           Power      Damage    Failure   Level
 Sandblast                Erth           18%        2d7       7%          1
 Call Canine Familiar     Summ           9%         N/A       22%         3
 Portal Projectile        Hex/Tloc       18%        N/A       22%         3
 Leda's Liquefaction      Hex/Erth       4%         N/A       56%         4
 Manifold Assault         Tloc           9%         N/A       56%         4
 Conjure Ball Lightning   Conj/Air       17%        3x3d6     67%         6
 Summon Forest            Summ/Tloc      4%         N/A       89%         5
 Summon Mana Viper        Hex/Summ       9%         N/A       89%         5
 Summon Cactus Giant      Summ           4%         N/A       100%        6
 Discord                  Hex            4%         N/A       100%        8
 Disjunction              Tloc           4%         N/A       100%        8
 Blink                    Tloc           Unusable   N/A       N/A         2

Dungeon Overview and Level Annotations

Branches:
Dungeon (15/15)            Temple (1/1) D:5            Lair (0/5) D:9
 Depths (0/4) D:15
    Orc: D:9-12      Vaults: D:13-14

Altars:
Dithmenos
Elyvilon
Fedhas
Hepliaklqana
Nemelex Xobeh
Okawaru
Qazlal
Sif Muna
Trog
Uskayaw
Vehumet
Wu Jian
Xom
Yredelemnul
Zin
The Shining One

Annotations:
D:2 Sigmund
D:3 exclusion: 2 downstairs
D:4 exclusion: downstairs, Grinder
D:5 exclusion: downstairs
D:6 3 runed translucent doors, Jeremiah; thirtiethelement's ghost, novice DsNe
D:11 exclusion: troll
D:12 exclusion: deep elf pyromancer
D:13 exclusion: downstairs
D:14 exclusion: downstairs


Innate Abilities, Weirdness & Mutations

You cannot be hasted, slowed, berserked, paralysed or teleported.
You can dig through walls and to a lower floor.
You have a pair of large antennae on your head. (SInv)
Your four strong arms can wield two-handed weapons with a shield.


Message History

A merfolk aquamancer comes into view. It is wielding a +1 rapier of draining.
You barely miss the howler monkey.
The howler monkey is severely wounded.
The howler monkey barely misses you.
The howler monkey hits you but does no damage.
Splash!
You fall into the shallow water.
Moving in this stuff is going to be slow.
The water nymph shouts!
You closely miss the water nymph. The howler monkey closely misses you.
The water nymph gestures at you while chanting.
The water swirls and strikes you!
Unknown command.
The howler monkey hoots and howls with incredible vigour!
The water nymph attacks as it pursues you!
The water nymph touches you. The water nymph drowns you!
You hear a shout! x6; You hear a horrible gurgling sound!
You hear a shout! x4
Splash!
You fall into the shallow water.
Moving in this stuff is going to be slow.
The water nymph points at you and mumbles some strange words.
The water swirls and strikes you!!
* * * LOW HITPOINT WARNING * * *
You can't shaft yourself on this terrain.
There are monsters nearby!
Unknown command.
Unknown command.
Unknown command.
You can't shaft yourself on this terrain.
Unknown command.
Unknown command.
Unknown command.
The water nymph touches you. The water nymph drowns you!
* * * LOW HITPOINT WARNING * * *
Splash!
You fall into the shallow water.
Moving in this stuff is going to be slow.
The water nymph gestures at you while chanting.
The water swirls and strikes you!!
You die...

....# ~~...#
~~~...# ~~≈m~..
~~~.~ ~~~## #~h#
#m# .# #~## .#
#~m######.###
##~@........####
.#####............
................#
......#)........#
.....###..>.....#
.#..# {##.......#
...# ##......# ...
#......# ..
#......# #
.#####.# .. { .
... .## { .. .. $#
# ## # . ## .. {
.# #.


You could see a merfolk aquamancer and 2 water nymphs.

Vanquished Creatures
  A centaur warrior (D:13)
  A kobold demonologist (D:12)
  An efreet (D:14)
  A yak (D:7)
  Menkaure (D:6)
  2 water moccasins
  An orc warrior (D:7)
  4 sky beasts
  2 black bears
  3 centaurs
  A phantom (D:5)
  3 bullfrogs
  A gnoll sergeant (D:5)
  3 scorpions (D:7)
  5 wights (D:7)
  2 killer bees (D:5)
  2 electric eels (D:7)
  A howler monkey (D:4)
  Crazy Yiuf (D:5)
  3 hounds
  2 orc priests
  A sleepcap (D:7)
  5 jellies
  A gnoll bouda (D:6)
  Jessica (D:2)
  4 iguanas
  10 orc wizards
  9 adders
  12 gnolls
  A white imp (D:7)
  An iguana zombie (D:5)
  A worm (D:5)
  2 dart slugs (D:1)
  24 orcs
  6 ball pythons
  6 endoplasms
  4 giant cockroaches
  8 hobgoblins
  3 jackals (D:3)
  4 quokkas
  5 bats
  6 frilled lizards
  8 goblins
  7 kobolds
  8 rats
178 creatures vanquished.

Vanquished Creatures (collateral kills)
  A hydra (D:15)
  A centaur warrior (D:15)
  4 ugly things (D:15)
  2 killer bees (D:5)
  A worm (D:5)
9 creatures vanquished.

Vanquished Creatures (others)
  A wolf spider (D:15)
  2 killer bees (D:5)
  An orc (D:7)
4 creatures vanquished.

Grand Total: 191 creatures vanquished

Notes
Turn   | Place    | Note
-------+----------+-------------------------------------------
     0 | D:5      | petzl the Formicid Delver began the quest for the Orb.
     0 | D:5      | Reached XP level 1. HP: 18/18 MP: 1/1
    14 | D:6      | Noticed a gnoll bouda
    30 | D:5      | Noticed a phantom
    30 | D:5      | Noticed a killer bee
   167 | D:3      | Reached XP level 2. HP: 17/24 MP: 2/2
   222 | D:4      | Noticed an ogre
   250 | D:2      | Reached skill level 1 in Spellcasting
   319 | D:2      | Reached skill level 2 in Spellcasting
   319 | D:2      | Reached XP level 3. HP: 27/29 MP: 4/6
   614 | D:1      | Reached XP level 4. HP: 32/35 MP: 6/8
   934 | D:1      | Reached skill level 3 in Spellcasting
  1557 | D:2      | Noticed Jessica
  1570 | D:2      | You fall into a shaft and drop 2 floors!
  1628 | D:2      | Identified the +0 robe of Ujoduahu {-Tele rPois Dex+2
                  | Stlth+}
  1659 | D:2      | You fall into a shaft and drop 1 floor!
  1792 | D:3      | Found a faded altar of an unknown god.
  1799 | D:3      | Found an iron altar of Okawaru.
  2076 | D:2      | Killed Jessica
  2077 | D:2      | Reached skill level 1 in Ranged Weapons
  2077 | D:2      | Reached XP level 5. HP: 35/41 MP: 10/10
  2365 | D:2      | Noticed Sigmund
  2748 | D:3      | Reached skill level 4 in Spellcasting
  3285 | D:4      | Identified the +9 plate armour of Hospitality {rPois rC-
                  | Int+2}
  3462 | D:4      | Reached XP level 6. HP: 12/47 MP: 12/12
  3472 | D:4      | Found a glowing golden altar of the Shining One.
  3499 | D:4      | You fall into a shaft and drop 2 floors!
  3619 | D:6      | Noticed a sky beast
  3666 | D:4      | Noticed Grinder
  3775 | D:4      | Found a sparkling altar of Nemelex Xobeh.
  4157 | D:4      | Found a shimmering altar of Xom.
  4164 | D:4      | Found a hazy altar of Hepliaklqana.
  4168 | D:4      | Found a basalt altar of Yredelemnul.
  4168 | D:4      | Noticed a black bear
  4175 | D:4      | Killed a black bear
  4176 | D:4      | Reached skill level 5 in Spellcasting
  4308 | D:5      | Reached XP level 7. HP: 24/52 MP: 14/14
  4586 | D:4      | You fall into a shaft and drop 1 floor!
  4750 | D:5      | Noticed a water moccasin
  4757 | D:5      | Killed a water moccasin
  4858 | D:5      | Found a white marble altar of Elyvilon.
  4966 | D:5      | Reached skill level 6 in Spellcasting
  5103 | D:5      | Found a runed translucent door.
  5104 | D:5      | Noticed Crazy Yiuf
  5135 | D:5      | Killed Crazy Yiuf
  5221 | D:5      | Reached XP level 8. HP: 28/58 MP: 16/18
  5224 | D:5      | Reached skill level 7 in Spellcasting
  5461 | D:5      | Found a staircase to the Ecumenical Temple.
  5532 | Temple   | Entered the Ecumenical Temple
  5541 | Temple   | Became a worshipper of Vehumet
  5932 | D:6      | Noticed Menkaure
  5949 | D:6      | Killed Menkaure
  5950 | D:6      | Reached skill level 8 in Spellcasting
  6579 | D:6      | Noticed Jeremiah
  6590 | D:6      | You are sucked into a shaft and drop 3 floors!
  6764 | D:8      | Found a blossoming altar of Fedhas.
  6787 | D:8      | Reached skill level 1 in Staves
  6787 | D:8      | Reached skill level 1 in Armour
  6787 | D:8      | Reached skill level 9 in Spellcasting
  6787 | D:8      | Reached XP level 9. HP: 52/65 MP: 20/22
  8417 | D:6      | Reached * piety under Vehumet
  8417 | D:6      | Offered knowledge of Shock by Vehumet.
  8557 | D:6      | Learned a level 1 spell: Shock
  8657 | D:6      | Found a runed translucent gate.
  8658 | D:6      | Found a runed translucent gate.
  8659 | D:6      | Found a runed translucent gate.
  8660 | D:6      | Noticed thirtiethelement's ghost (novice DsNe)
  8993 | D:6      | Found an ornate altar of the Wu Jian Council.
  8996 | D:6      | Found a shadowy altar of Dithmenos.
  9270 | D:7      | Reached skill level 1 in Conjurations
  9291 | D:7      | Reached skill level 1 in Air Magic
  9531 | D:7      | Reached XP level 10. HP: 73/73 MP: 23/23
 10465 | D:7      | a shapeshifter changed into a guardian serpent
 10465 | D:7      | Noticed a guardian serpent (shapeshifter)
 10468 | D:7      | You fall into a shaft and drop 2 floors!
 10468 | D:9      | Found a staircase to the Lair.
 10691 | D:8      | You fall into a shaft and drop 3 floors!
 10840 | D:10     | Entered Level 10 of the Dungeon
 10987 | D:10     | Noticed a two-headed ogre
 11033 | D:10     | You fall into a shaft and drop 1 floor!
 11033 | D:11     | Found a sparkling altar of Nemelex Xobeh.
 11180 | D:12     | Noticed a deep elf pyromancer
 11207 | D:12     | Noticed a two-headed ogre
 11217 | D:12     | You fall into a shaft and drop 3 floors!
 11217 | D:15     | Entered Level 15 of the Dungeon
 11348 | D:14     | Noticed an efreet
 11364 | D:14     | Killed an efreet
 11507 | D:14     | Noticed a five-headed hydra
 11524 | D:14     | Noticed a gargoyle
 11540 | D:14     | You fall into a shaft and drop 1 floor!
 11698 | D:15     | Noticed a wolf spider
 11730 | D:15     | Noticed a six-headed hydra
 11736 | D:15     | Killed a six-headed hydra
 11738 | D:15     | Noticed a green ugly thing
 11738 | D:15     | Noticed a green ugly thing
 11738 | D:15     | Noticed a green ugly thing
 11739 | D:15     | Noticed a green ugly thing
 11762 | D:15     | Noticed a green ugly thing
 11770 | D:15     | Killed a green ugly thing
 11771 | D:15     | Noticed a centaur warrior
 11776 | D:15     | Killed a green ugly thing
 11776 | D:15     | Offered knowledge of Sandblast by Vehumet.
 11777 | D:15     | Killed a white ugly thing
 11778 | D:15     | Reached skill level 5 in Armour
 11785 | D:15     | Killed a centaur warrior
 11785 | D:15     | Reached ** piety under Vehumet
 11786 | D:15     | Reached skill level 5 in Conjurations
 11786 | D:15     | Reached skill level 5 in Air Magic
 11786 | D:15     | Reached XP level 11. HP: 59/78 MP: 24/24
 11789 | D:15     | Killed a green ugly thing
 11797 | D:15     | Found a staircase to the Depths.
 11797 | D:15     | Noticed a stone giant
 11936 | D:15     | Noticed a manticore
 12071 | D:15     | Noticed a deep elf pyromancer
 12077 | D:14     | Noticed a cyclops
 12135 | D:13     | Noticed a centaur warrior
 12163 | D:13     | Killed a centaur warrior
 12169 | D:13     | Noticed a boulder beetle
 12273 | D:12     | Noticed a soul eater
 12289 | D:12     | Noticed a merfolk aquamancer
 12294 | D:12     | Killed from afar by a water nymph

Illustrated notes

Levels and vault maps discovered:
D:1:      scummos_arrival_gate, layout_basic, serial_forest,
          infiniplex_forest_lined_4_way, infiniplex_forest_straight_2,
          infiniplex_forest_lined_corner, infiniplex_forest_clump_cross,
          infiniplex_forest_side_room, infiniplex_forest_clump_double,
          infiniplex_forest_corner_1, minmay_split_cup_large
D:2:      layout_loops_ring, uniq_sigmund, uniq_jessica
D:3:      layout_basic, nicolae_overflow_ecumenical_swirl
D:4:      layout_cave_pools, mainiacjoe_overflow_cross_hatched,
          nicolae_tso_carved_into_rock, grunt_temple_overflow_diamond,
          uniq_grinder
D:5:      layout_rooms, elyvilon_altar_3, minmay_temple_entry_waves,
          nicolae_elevator_lobby_plus, uniq_crazy_yiuf_cottage
D:6:      layout_loops_ring, minitemple, biasface_ghost_orc_armoury,
          grunt_ministairs_5, minmay_between, uniq_jeremiah, uniq_menkaure
D:7:      layout_gridville, kennysheep_generic_room_2
D:8:      layout_layer_cave, mainiacjoe_overflow_boulevard,
          grunt_gozag_breadcrumbs, mainiacjoe_overflow_chevrons, serial_shops,
          nicolae_shop_real_fake_doors,
          nicolae_shop_competitors_out_of_business,
          nicolae_shop_tiny_statue_garden, nicolae_shop_tiny_real_fake_doors
D:9:      layout_cross, lair_entry_dummy, minmay_misc_feat_square
D:10:     hangedman_screamer, layout_loops_cross,
          grunt_temple_overflow_cloverleaf, serial_shops, shop,
          minmay_misc_feat_pillars, grunt_decor_junction
D:11:     layout_long_grid, serial_shops, shop, kennysheep_little_box, shop,
          nemelex_xobeh_ov_fountains_minmay
D:12:     minmay_inside_and_out, layout_rooms, erik_orc_1,
          grunt_decor_mini_mirrors, serial_bayou_ford_a, nicolae_splish_splash
D:13:     layout_long_grid, trog_three_pillars_becter
D:14:     layout_stronghold, david_vaults_1, gauntlet_entry_generic,
          nicolae_houndstooth_variations
D:15:     grunt_enter_depths_giant_problem, layout_rooms,
          hangedman_abyss_or_decor_lesser_grid, guppyfry_shop_venom
Temple:   hellmonk_temple_flake

Skill      XL: |  1  2  3  4  5  6  7  8  9 10 11 |
---------------+----------------------------------+-----
Spellcasting   | 2 3 4 5 6 9 |  9.3
Ranged Weapons | 1 2 3 4 |  4.0
Dodging        | 2 3 4 |  4.0
Staves         | 1 2 |  2.5
Armour         | 1 3 5 6 |  6.0
Fighting       | 4 |  4.5
Stealth        | 7 8 |  8.0
Conjurations   | 2 5 6 |  6.1
Air Magic      | 1 5 |  5.8
Maces & Flails | |  2.1

Action                     |  1- 3 |  4- 6 |  7- 9 | 10-12 || total
---------------------------+-------+-------+-------+-------++-------
  Melee: Mace              |    72 |    62 |       |       ||   134
         Dagger            |       |    77 |       |       ||    77
         Punch             |       |     4 |     5 |     1 ||    10
         Short sword       |       |    52 |    43 |       ||    95
         Quarterstaff      |       |       |   241 |   105 ||   346
   Fire: Sling             |       |    80 |   111 |       ||   191
         Orcbow            |       |       |       |    45 ||    45
  Throw: Stone             |     2 |       |       |       ||     2
         Dart              |       |       |     4 |       ||     4
Ability: Shaft Self        |       |     3 |     2 |     5 ||    10
         Dig               |       |     1 |       |     1 ||     2
  Evoke: Wand              |       |     4 |    15 |    21 ||    40
    Use: Scroll            |       |     1 |     9 |     6 ||    16
         Potion            |       |       |     4 |       ||     4
   Stab: Sleeping          |     4 |     7 |     3 |     2 ||    16
         Invisible         |       |     2 |       |       ||     2
         Distracted        |       |       |     2 |       ||     2
         Petrifying        |       |       |     1 |       ||     1
         Petrified         |       |       |     1 |       ||     1
 Armour: Leather armour    |    48 |    72 |       |       ||   120
         Robe              |       |    53 |   223 |   147 ||   423
  Dodge: Dodged            |    53 |   115 |   197 |   149 ||   514
  Block: Other             |       |       |       |     8 ||     8
         Reflection        |       |       |       |     1 ||     1

Table legend: (Time is in decaauts)
 A = Elapsed time spent in this place.
 B = Non-inter-level travel time spent in this place.
 C = Inter-level travel time spent in this place.
 D = Time resting spent in this place.
 E = Time spent auto-exploring this place.
 F = Levels seen in this place.
 G = Mean time per level.
                   A        B        C        D        E       F      G
               +--------+--------+--------+--------+--------+-----+--------+
         Total |  12378 |  11920 |    458 |   4178 |   3463 |  16 |  773.6 |
       Dungeon |  12359 |  11918 |    441 |   4178 |   3463 |  15 |  823.9 |
        Temple |     18 |      1 |     17 |      0 |      0 |   1 |   18.0 |
               +--------+--------+--------+--------+--------+-----+--------+

Top non-repeatable levels by time:
     D:6: 2417 daAuts
     D:7: 1916 daAuts
     D:5: 1764 daAuts
     D:1: 1087 daAuts
     D:4: 1067 daAuts
     D:3: 1034 daAuts
     D:2: 976 daAuts
    D:15: 543 daAuts
    D:14: 320 daAuts
     D:8: 283 daAuts
    D:11: 275 daAuts
     D:9: 204 daAuts
    D:10: 197 daAuts
    D:12: 168 daAuts
    D:13: 102 daAuts
